 Dungeon Crawl Stone Soup version 0.30.1-3-gfc49f6343a (webtiles) character file.

Game seed: 7666335875527796821

1708 Anandil the Trooper (level 8, -4/56 (65) HPs)
             Began as a Demonspawn Fighter on Aug 3, 2023.
             Was a Follower of Ru.
             Slain by a wight
             ... wielding a +4 hand axe of freezing
              (8 damage)
             ... on level 7 of the Dungeon.
             The game lasted 00:15:39 (7483 turns).

Anandil the Trooper (Demonspawn Fighter)            Turns: 7483, Time: 00:15:40

HP:   -4/56 (65)    AC: 14    Str: 19    XL:     8   Next: 73%
MP:   0/8           EV:  8    Int: 10    God:    Ru [*.....]
Gold: 444           SH:  0    Dex: 12    Spells: 7/7 levels left

rFire   . . .        a - +0 trident
rCold   . . .        (no shield)
rNeg    . . .        s - +0 plate armour
rPois   .            (helmet restricted)
rElec   .            w - +0 cloak
rCorr   +            (gloves unavailable)
SInv    .            (no boots)
Will    .....        B - amulet of guardian spirit Stlth
                     l - ring of resist corrosion
HPRegen 0.29/turn    (no ring)
MPRegen 0.11/turn

%: guardian spirit
@: heavily drained, unable to drink
A: repulsion field 1, powered by pain 1, inability to drink after injury 2,
demonic touch 3, horns 1
a: Renounce Religion


You were on level 7 of the Dungeon.
You worshipped Ru.
Ru was aware of your devotion.
You visited 2 branches of the dungeon, and saw 9 of its levels.

You collected 444 gold pieces.

Inventory:

Hand Weapons
 a - a +0 trident (weapon)
Missiles
 v - 2 boomerangs (quivered)
 F - 10 poisoned darts
Armour
 b - a +0 scale mail
 c - a +0 buckler
 r - a +0 pair of gloves
 s - a +0 plate armour (worn)
 w - a +0 cloak (worn)
Jewellery
 l - a ring of resist corrosion (left hand)
 p - an amulet of the acrobat
 B - an amulet of guardian spirit (around neck)
Wands
 y - a wand of iceblast (8)
 A - a wand of light (7)
 H - a wand of polymorph (2)
 J - a wand of paralysis (25)
 L - a wand of flame (18)
Scrolls
 f - a scroll of silence
 h - a scroll of brand weapon
 i - a scroll of immolation
 n - 4 scrolls of enchant armour
 o - 3 scrolls of blinking
 q - 3 scrolls of amnesia
 u - a scroll of fog
 x - a scroll of magic mapping
 C - a scroll of enchant weapon
 K - a scroll of fear {unknown}
 M - a scroll of acquirement {unknown}
Potions
 d - 2 potions of might
 e - 2 potions of lignification {unknown}
 g - 2 potions of brilliance
 j - a potion of berserk rage {unknown}
 k - a potion of attraction {unknown}
 m - a potion of ambrosia {unknown}
 t - a potion of invisibility
 z - a potion of curing {unknown}
 D - a potion of flight {unknown}
 E - 3 potions of heal wounds {unknown}
 G - a potion of degeneration {unknown}
 I - a potion of haste {unknown}


   Skills:
 + Level 6.7 Fighting
 + Level 5.7 Polearms
 + Level 2.4 Throwing
 + Level 6.1 Armour
 - Level 3.5 Shields


You had 7 spell levels left.
You didn't know any spells.
Your spell library contained the following spells:

 Spells                   Type           Power      Damage    Failure   Level
 Magic Dart               Conj           0%         1d3       100%        1
 Necrotise                Necr           0%         1d4       100%        1
 Blink                    Tloc           0%         N/A       100%        2
 Call Imp                 Summ           0%         N/A       100%        2
 Ensorcelled Hibernation  Hex/Ice        0%         N/A       100%        2
 Lesser Beckoning         Tloc           0%         N/A       100%        2
 Momentum Strike          Conj/Tloc      0%         3d8       100%        2
 Mephitic Cloud           Conj/Pois/Air  0%         N/A       100%        3
 Spider Form              Tmut/Pois      0%         N/A       100%        3
 Tukima's Dance           Hex            0%         N/A       100%        3
 Vampiric Draining        Necr           0%         2d6       100%        3
 Anguish                  Hex/Necr       0%         N/A       100%        4
 Passage of Golubria      Tloc           0%         N/A       100%        4
 Petrify                  Tmut/Erth      0%         N/A       100%        4
 Agony                    Necr           0%         N/A       100%        5
 Metabolic Englaciation   Hex/Ice        0%         N/A       100%        5
 Yara's Violent Unravell  Hex/Tmut       0%         3d3       100%        5
 Statue Form              Tmut/Erth      0%         N/A       100%        6


Dungeon Overview and Level Annotations

Branches:
Dungeon (8/15)             Temple (1/1) D:5
   Lair: D:8-11

Altars:
Cheibriados
Dithmenos
Fedhas
Gozag
Hepliaklqana
Kikubaaqudgha
Makhleb
Nemelex Xobeh
Okawaru
Qazlal
Ru
Sif Muna
Uskayaw
Vehumet
Wu Jian
Xom
Yredelemnul

Shops:
D:5 [

Annotations:
D:5 1 runed translucent door
D:7 1 runed translucent door, Crazy Yiuf


Innate Abilities, Weirdness & Mutations

You are surrounded by a mild repulsion field. (EV +2)
You sometimes gain a little power by taking damage.
You sometimes lose the ability to drink potions when taking damage.
Your touch may irresistibly damage your foes and sap their willpower.
You have a pair of small horns on your head.


Message History

You feel threatened and lose the ability to drink potions!
The wight hits you but does no damage.
You puncture the wight!
You headbutt the wight, but do no damage.
The wight is almost destroyed.
The wight closely misses you.
The wight hits you with a +4 hand axe of freezing!
You feel drained. The wight freezes you.
Unknown command.
You are too injured to fight recklessly!
Unknown command.
You are too injured to fight recklessly!
Unknown command.
You are too injured to fight recklessly!
You are too injured to fight recklessly!
You hit the wight but do no damage. Your headbutt misses the wight.
The wight is almost destroyed.
The wight hits you with a +0 morningstar!
* * * LOW HITPOINT WARNING * * *
The wight hits you with a +4 hand axe of freezing.
* * * LOW HITPOINT WARNING * * *
The wight freezes you.
* * * LOW HITPOINT WARNING * * *
Unknown command.
You cannot drink potions in your current state!
Unknown command.
The wight attacks as you move away! The wight barely misses you.
The wight attacks as you move away!
The wight hits you with a +4 hand axe of freezing.
* * * LOW HITPOINT WARNING * * *
You feel drained.
* * * LOW HITPOINT WARNING * * *
The wight freezes you.
* * * LOW HITPOINT WARNING * * *
Okay, then.
Okay, then.
Okay, then.
The wight attacks as you move away!
The wight hits you with a +4 hand axe of freezing!
You die...

###...........#.###.###.## #####
#......#.##.#.####.#..# #....
#####.##.##.#.<.......# #.###
#.##.##.#######...# #.# #
#.##.##.# #...# #.### #.##.##.#
#...#####.##. #######.......#
#...##.......
.....###.#.##.#######...##.##.##.
.....###.#.##..z@..............#.
.........#.....z............)..#.
##...##..#..#.................)#.
#.............######...##....)..
###.##.#...##.# #...#########
####.##.#...##.# #...# #
#..#.##.....##.# #...# #
.....####..###.# ####...# #
.........#########......# #


You could see 2 wights.

Vanquished Creatures
  Sigmund (D:5)
  Eustachio (D:4)
  An ogre (D:7)
  An orc warrior (D:6)
  A black bear (D:6)
  2 ice beasts (D:5)
  3 bullfrogs
  A gnoll sergeant (D:7)
  2 scorpions (D:5)
  A howler monkey (D:6)
  3 hounds
  A jelly (D:5)
  An orc priest (D:6)
  3 iguanas
  2 sleepcaps
  An orc wizard (D:6)
  6 gnolls
  5 adders
  3 white imps
  2 worms (D:3)
  2 dart slugs (D:3)
  14 orcs
  5 endoplasms
  3 giant cockroaches
  18 goblins
  4 hobgoblins
  7 jackals
  2 quokkas
  3 ball pythons
  7 bats
  5 frilled lizards
  12 kobolds
  6 rats
  A spectral orc (D:7)
130 creatures vanquished.

Notes
Turn   | Place    | Note
-------+----------+-------------------------------------------
     0 | D:1      | Anandil the Demonspawn Fighter began the quest for the Orb.
     0 | D:1      | Reached XP level 1. HP: 18/18 MP: 1/1
    96 | D:1      | Gained mutation: You sometimes gain a little power by
                  | taking damage. [demonic ancestry]
    96 | D:1      | Reached XP level 2. HP: 23/24 MP: 2/2
   144 | D:1      | You fall into a shaft and drop 1 floor!
   822 | D:2      | Found a faded altar of an unknown god.
   828 | D:2      | Gained mutation: Your touch may inflict minor irresistible
                  | damage on your foes. [demonic ancestry]
   828 | D:2      | Reached XP level 3. HP: 26/29 MP: 3/3
  1895 | D:3      | Gained mutation: Your touch may inflict irresistible damage
                  | on your foes. [demonic ancestry]
  1895 | D:3      | Reached XP level 4. HP: 19/37 MP: 4/4
  2123 | D:3      | Found a shimmering altar of Xom.
  2383 | D:3      | Reached XP level 5. HP: 42/42 MP: 5/5
  2755 | D:3      | Found a blossoming altar of Fedhas.
  2755 | D:3      | Found an ancient bone altar of Kikubaaqudgha.
  3118 | D:4      | Noticed Eustachio
  3141 | D:4      | Gained mutation: You have hidden genetic defects. [potion
                  | of mutation]
  3147 | D:4      | Killed Eustachio
  3148 | D:4      | Gained mutation: You are surrounded by a mild repulsion
                  | field. (EV +2) [demonic ancestry]
  3148 | D:4      | Reached XP level 6. HP: 9/49 MP: 6/6
  3166 | D:4      | Gained mutation: You are frail. (-10% HP) [hidden defects]
  3764 | D:5      | Entered Level 5 of the Dungeon
  3794 | D:5      | Gained mutation: Potions are less effective at restoring
                  | your health. [hidden defects]
  3794 | D:5      | Lost mutation: You have hidden genetic defects. [hidden
                  | defects expressed]
  3826 | D:5      | Lost mutation: You are frail. (-10% HP) [potion of
                  | mutation]
  3826 | D:5      | Lost mutation: Potions are less effective at restoring your
                  | health. [potion of mutation]
  3826 | D:5      | Gained mutation: You have a pair of small horns on your
                  | head. [potion of mutation]
  3941 | D:5      | Noticed an ice beast
  3954 | D:5      | Killed an ice beast
  3982 | D:5      | Noticed an ice beast
  3999 | D:5      | Reached skill level 5 in Fighting
  3999 | D:5      | Reached XP level 7. HP: 56/56 MP: 7/7
  4194 | D:5      | Found a basalt altar of Yredelemnul.
  4197 | D:5      | Found a shimmering blue altar of Sif Muna.
  4199 | D:5      | Found a sparkling altar of Nemelex Xobeh.
  4199 | D:5      | Found a burning altar of Makhleb.
  4214 | D:5      | Found a staircase to the Ecumenical Temple.
  4229 | Temple   | Entered the Ecumenical Temple
  4251 | Temple   | Became a worshipper of Ru the Awakened
  4345 | D:5      | Noticed Sigmund
  4350 | D:5      | Killed Sigmund
  4351 | D:5      | Reached skill level 5 in Armour
  4574 | D:5      | Gained mutation: Your touch may irresistibly damage your
                  | foes and sap their willpower. [demonic ancestry]
  4574 | D:5      | Reached XP level 8. HP: 50/64 MP: 4/8
  4667 | D:5      | Found Ejokukuj's Antique Armour Shoppe.
  4847 | D:5      | Found a runed translucent door.
  5222 | D:6      | Reached skill level 5 in Polearms
  5852 | D:6      | Reached skill level 1 in Throwing
  5956 | D:6      | Found an iron altar of Okawaru.
  6505 | D:6      | Gained mutation: You occasionally lose the ability to drink
                  | potions when taking damage. [Ru sacrifice]
  6505 | D:6      | Gained mutation: You sometimes lose the ability to drink
                  | potions when taking damage. [Ru sacrifice]
  6505 | D:6      | Reached * piety under Ru
  7295 | D:7      | Found a hazy altar of Hepliaklqana.
  7319 | D:7      | Found a runed translucent door.
  7320 | D:7      | Noticed Crazy Yiuf
  7483 | D:7      | Slain by a wight

Illustrated notes

Levels and vault maps discovered:
D:1:      mushboom_english_gardens, layout_loops_ring
D:2:      layout_basic, dreamdust_ecumenical_altar_statues, serial_forest,
          infiniplex_forest_clump_tiny, infiniplex_forest_straight_2,
          infiniplex_forest_end_double, infiniplex_forest_pool,
          infiniplex_forest_straight_4, infiniplex_forest_side_room,
          serial_bayou_ford_a
D:3:      layout_loops_ring, grunt_temple_overflow_growth_and_decay,
          xom_confusion_cloud, uniq_robin
D:4:      layout_loops_cross, uniq_eustachio
D:5:      layout_loops_ring, grunt_temple_overflow_open,
          minmay_temple_entry_arrows, serial_shops, shop_statue,
          chequers_big_river, lightli_church_of_beogh, uniq_sigmund
D:6:      layout_cave_pods, kennysheep_okawaru_gauntlet
D:7:      layout_loops_cross, nicolae_hepliaklqana_monster_ancestors,
          chequers_serial_rivers_marsh, uniq_crazy_yiuf_cottage
D:8:      layout_cave_pools, lemuel_crystal_altar,
          ebering_ghost_reflecting_pool, hangedman_decor_points,
          hellmonk_guarded_unrand_frostbite
Temple:   nicolae_temple_colour_theory

Skill      XL: |  1  2  3  4  5  6  7  8 |
---------------+-------------------------+-----
Polearms       | 2 3 4 5 |  5.7
Shields        | 3 |  3.5
Armour         | 3 4 5 6 |  6.1
Fighting       | 4 5 6 |  6.7
Throwing       | 2 |  2.4

Action                     |  1- 3 |  4- 6 |  7- 9 || total
---------------------------+-------+-------+-------++-------
  Melee: Trident           |   157 |   164 |   168 ||   489
         Touch             |       |     7 |    20 ||    27
         Headbutt          |       |     1 |    27 ||    28
  Throw: Boomerang         |       |     2 |       ||     2
 Invoke: Sacrifice Drink   |       |       |     1 ||     1
  Evoke: Wand              |       |     2 |       ||     2
    Use: Scroll            |       |     7 |     5 ||    12
         Potion            |       |     4 |       ||     4
 Armour: Scale mail        |    66 |    74 |    39 ||   179
         Plate armour      |       |       |    17 ||    17
  Dodge: Dodged            |    57 |    57 |    58 ||   172
  Block: Buckler           |    20 |    19 |       ||    39
